 Dungeon Crawl Stone Soup version 0.25-a0-44-g29a1220a87 (webtiles) character file.

Game seed: 5964307856256719345, levelgen mode: deterministic

11 iamserjio the Ducker (level 2, -1/14 HPs)
             Began as a Felid Chaos Knight on Oct 25, 2019.
             Was a Plaything of Xom.
             Slain by a gnoll
             ... wielding a +0 spear
              (5 damage)
             ... on level 1 of the Dungeon.
             The game lasted 00:00:47 (568 turns).

iamserjio the Ducker (Felid Chaos Knight)            Turns: 568, Time: 00:00:48

Health: -1/14      AC:  1    Str:  8    XL:     2   Next: 17%
Magic:  3/3        EV: 18    Int: 13    God:    Xom [..*...]
Gold:   3          SH:  0    Dex: 15    Spells: 1/1 levels left
                                        Lives:  0   Deaths: 0

rFire    . . .     SeeInvis +     - Unarmed
rCold    . . .     Gourm    .   (shield unavailable)
rNeg     . . .     Faith    .   (armour unavailable)
rPois    .         Spirit   .   (helmet unavailable)
rElec    .         Reflect  .   (cloak unavailable)
rCorr    .         Harm     .   (gloves unavailable)
MR       .....                  (boots unavailable)
Stlth    ++........             (no amulet)
HPRegen  0.04/turn              (no ring)
MPRegen  0.08/turn              (no ring)

@: quick
A: very small, no armour, no weapons or thrown items, stealth, claws 1, fangs 3,
see invisible, carnivore, speed 1, shaggy fur 1, slow metabolism 1, sharp paws
a: Renounce Religion


You were on level 1 of the Dungeon.
You worshipped Xom.
You were a toy of Xom.
You were very full.

You visited 1 branch of the dungeon, and saw 1 of its levels.

You collected 3 gold pieces.

Inventory:

Missiles
 e - 28 arrows
Scrolls
 b - a scroll of fog {unknown}
 c - a scroll of identify {unknown}
 d - a scroll of random uselessness {unknown}
 f - a scroll of teleportation {unknown}
Comestibles
 a - a ration


   Skills:
 - Level 3.0 Fighting
 + Level 3.5 Dodging
 * Level 3.4 Unarmed Combat


You had one spell level left.
You didn't know any spells.
Your spell library was empty.

Dungeon Overview and Level Annotations

Branches:
Dungeon (1/15)

Altars:


Innate Abilities, Weirdness & Mutations

You cannot wear armour.
You are incapable of wielding weapons or throwing items.
Your paws allow you to move quietly. (Stealth)
You have sharp claws.
You have razor-sharp teeth.
You have supernaturally acute eyesight. (SInv)
You are carnivorous and can eat meat at any time.
You cover ground quickly.
You are covered in fur. (AC +1)
You have a slow metabolism.
Your sharp claws are effective at attacking unaware monsters.


Message History

This raw flesh tastes great.
A gnoll comes into view. It is wielding a +0 spear.
A gnoll is nearby!
A gnoll is nearby!
You pounce on the unaware helpless gnoll!
You scratch the gnoll. The gnoll misses you.
You scratch the gnoll. The gnoll hits you with a +0 spear!
Ouch! That really hurt!
* * * LOW HITPOINT WARNING * * *
A shower of butterflies erupts from you!
The gnoll closely misses you.
The gnoll closely misses your butterfly.
You aren't carrying any items that you can evoke.
Unknown command.
The gnoll completely misses your butterfly.
The gnoll barely misses your butterfly.
You closely miss the gnoll. The gnoll closely misses you.
You scratch the gnoll but do no damage. The gnoll hits you with a +0 spear.
You die... "Huh?
Did I miss anything?"

#.###........b#
#.....# # #.#
#.######..# #.#...#
# #.# #.# #..#
##....#
#####.###.## #..#
##....##
...........#####..#
#......#
#####.####........#
##...### # #.#
#######.## ##..## #
#.# #g# #....# #
#.# #@# #...## #
#.# #.# #....# #..
......b.# #....##
## #########
#>####<# ## ###


You could see a gnoll.

Vanquished Creatures
  An ooze (D:1)
  A goblin (D:1)
  2 hobgoblins (D:1)
  A frilled lizard (D:1)
  2 kobolds (D:1)
  A rat (D:1)
8 creatures vanquished.

Notes
Turn   | Place    | Note
-------+----------+-------------------------------------------
     0 | D:1      | iamserjio the Felid Chaos Knight began the quest for the
                  | Orb.
     0 | D:1      | Reached XP level 1. HP: 10/10 MP: 2/2
   158 | D:1      | XOM: harmless Tmut miscast
   365 | D:1      | Reached XP level 2. HP: 14/14 MP: 3/3
   553 | D:1      | XOM: butterfly on damage
   568 | D:1      | Slain by a gnoll

Levels and vault maps discovered:
D:1:      minmay_arrival_jagged, layout_loops_ring

Action                   || total
-------------------------++-------
Melee: Unarmed           ||    26
       Bite              ||     2
 Stab: Sleeping          ||     2
  Eat: Chunk             ||     5
Dodge: Dodged            ||    16

Table legend:
 A = Non-vault XP
 B = Vault XP
 C = Vault XP percentage of total XP
 D = Non-vault monster count
 E = Vault monster count
 F = Vault count percentage of total count
                 A         B        C        D         E       F
            +---------+---------+-------+---------+---------+-------
      Total |      17 |       0 |   0.0 |       8 |       0 |   0.0
            +---------+---------+-------+---------+---------+-------
        D:1 |      17 |       0 |   0.0 |       8 |       0 |   0.0
            +---------+---------+-------+---------+---------+-------
